 Dungeon Crawl Stone Soup version 0.22.0-6-g71bd7aa (webtiles) character file.

7 inmateoo the Scratcher (level 1, 0/9 HPs)
             Began as a Felid Transmuter on Aug 14, 2018.
             Slain by a leopard gecko (2 damage)
             ... on level 1 of the Dungeon.
             The game lasted 00:00:56 (473 turns).

inmateoo the Scratcher (Felid Transmuter)            Turns: 473, Time: 00:00:57

Health: 0/9        AC:  3    Str:  6    XL:     1   Next: 83%
Magic:  3/4        EV: 18    Int: 14    God:
Gold:   10         SH:  0    Dex: 18    Spells: 3/4 levels left
                                        Lives:  0   Deaths: 0

rFire    . . .     SeeInvis +     - Unarmed
rCold    . . .     Gourm    .   (shield unavailable)
rNeg     . . .     Faith    .   (armour unavailable)
rPois    .         Spirit   .   (helmet unavailable)
rElec    .         Reflect  .   (cloak unavailable)
rCorr    .         Harm     .   (gloves unavailable)
MR       .....                  (boots unavailable)
Stlth    ++........             (no amulet)
HPRegen  0.03/turn              d - +2 ring of dexterity
MPRegen  0.09/turn              b - +2 ring of protection

@: appendage, quick
A: very small, no armour, no weapons or thrown items, stealth, claws 1, fangs 3,
horns 2, see invisible, carnivore, speed 1, shaggy fur 1, slow metabolism 1,
sharp paws
a: End Transformation


You were on level 1 of the Dungeon.
You were full.
You had grown temporary horns.
You visited 1 branch of the dungeon, and saw 1 of its levels.

You collected 10 gold pieces.

Inventory:

Missiles
 a - 12 arrows
Jewellery
 b - a +2 ring of protection (right paw)
 d - a +2 ring of dexterity (left paw)
Scrolls
 e - a scroll of fog {unknown}
Potions
 f - a potion of curing {unknown}
Comestibles
 c - a ration


   Skills:
 + Level 1.1 Fighting
 + Level 2.8 Dodging
 * Level 3.1 Unarmed Combat
 + Level 2.0 Spellcasting
 * Level 2.4 Transmutations


You had 3 spell levels left.
You knew the following spells:

 Your Spells              Type           Power        Failure   Level  Hunger
a - Beastly Appendage     Tmut           #.....       9%          1    ##.....

Your spell library contained the following spells:

 Spells                   Type           Power        Failure   Level  Hunger
 Spider Form              Tmut/Pois      #.........   41%         3    ####...
 Blade Hands              Tmut           #.........   94%         5    ######.
 Ice Form                 Ice/Tmut       #.......     82%         4    #####..
 Sticks to Snakes         Tmut           #.......     13%         2    ###....


Dungeon Overview and Level Annotations

Branches:
Dungeon (1/15)

Altars:


Innate Abilities, Weirdness & Mutations

You cannot wear armour.
You are incapable of wielding weapons or throwing items.
Your paws allow you to move quietly. (Stealth)
You have sharp claws.
You have razor-sharp teeth.
You have supernaturally acute eyesight. (SInv)
You are carnivorous and can eat meat at any time.
You cover ground quickly.
You are covered in fur. (AC +1)
You have a slow metabolism.
Your sharp claws are effective at attacking unaware monsters.
You have a pair of horns on your head.


Message History

You closely miss the leopard gecko. Your bite misses the leopard gecko.
The leopard gecko bites you. The jackal barely misses you.
You are too injured to fight recklessly!
You miss the leopard gecko. The jackal bites you.
The leopard gecko barely misses you.
You are too injured to fight recklessly!
Unknown command.
You closely miss the leopard gecko. The jackal closely misses you.
The leopard gecko completely misses you.
The jackal misses you.
Unknown command.
You scratch the jackal.
The jackal is almost dead.
The leopard gecko barely misses you. The jackal misses you.
You scratch the leopard gecko.
The leopard gecko is almost dead.
The leopard gecko bites you.
* * * LOW HITPOINT WARNING * * *
The jackal misses you. The leopard gecko bites you.
You die... #. #.##..### l#K

#. #..# .>...##. #.##
... ... #.# .....##
#.# #.#..# .## #.#..#
..###
#.######....##.......#
#...l@h.....##..##.#.#
########.#.###..##.#.#
#.#.# #..##.#.# #.#.#
#..##.#.# #.#.#
#..#..... #.#.#
#..#.....
#.#.###....##.#
#.#.....#......
#..........[...


You could see a leopard gecko and a jackal.

Vanquished Creatures
  A bat (D:1)
  A goblin (D:1)
  2 hobgoblins (D:1)
  A kobold (D:1)
  A rat (D:1)
6 creatures vanquished.

Notes
Turn   | Place    | Note
-------+----------+-------------------------------------------
     0 | D:1      | inmateoo the Felid Transmuter began the quest for the Orb.
     0 | D:1      | Reached XP level 1. HP: 9/9 MP: 4/4
   473 | D:1      | Slain by a leopard gecko

Action                   || total
-------------------------++-------
Melee: Unarmed           ||    27
       Bite              ||     3
       Headbutt          ||     1
 Cast: Beastly Appendage ||     4
  Eat: Chunk             ||     4
Armor: Skin              ||     2
Dodge: Dodged            ||    26
